 Dungeon Crawl Stone Soup version 0.23.0 (webtiles) character file.

Game seed: 3272940177493012538

116 Esekla the Charmwright (level 4, -1/25 HPs)
             Began as a Deep Elf Skald on Feb 14, 2019.
             Slain by an adder (5 damage)
             ... on level 3 of the Dungeon.
             The game lasted 00:22:38 (2790 turns).

Esekla the Charmwright (Deep Elf Skald)             Turns: 2790, Time: 00:22:39

Health: -1/25      AC:  3    Str:  8    XL:     4   Next: 70%
Magic:  4/11       EV: 12    Int: 18    God:
Gold:   167        SH:  0    Dex: 15    Spells: 2/10 levels left

rFire    . . .     SeeInvis .   r - +0 dagger (holy)
rCold    . . .     Gourm    .   (no shield)
rNeg     . . .     Faith    .   b - +0 leather armour
rPois    +         Spirit   .   (no helmet)
rElec    .         Reflect  .   (no cloak)
rCorr    .         Harm     .   (no gloves)
MR       .....                  (no boots)
Stlth    +++.......             m - amulet of regeneration
HPRegen  0.48/turn              c - ring of poison resistance
MPRegen  0.12/turn              h - ring of stealth

@: infused
A: no striking features
a: no special abilities


You were on level 3 of the Dungeon.
You were not hungry.

You visited 1 branch of the dungeon, and saw 4 of its levels.

You collected 167 gold pieces.

Inventory:

Hand Weapons
 i - a +0 spear
 r - a +0 dagger of holy wrath (weapon)
Missiles
 e - 8 javelins of returning (quivered)
Armour
 b - a +0 leather armour (worn)
Jewellery
 c - a ring of poison resistance (left hand)
 h - a ring of stealth (right hand)
 k - an uncursed ring of stealth
 m - an amulet of regeneration (around neck)
Scrolls
 a - a scroll of identify {unknown}
 f - a scroll of teleportation {unknown}
 j - 4 scrolls of remove curse
 o - a scroll of amnesia {unknown}
 p - 2 scrolls of blinking {unknown}
 q - a scroll of immolation {unknown}
Potions
 d - a potion of might {unknown}
 g - a potion of brilliance {unknown}
 l - a potion of mutation {unknown}
 n - a potion of lignification {unknown}


   Skills:
 - Level 1.5 Fighting
 * Level 3.3 Short Blades
 - Level 1.0 Armour
 + Level 2.6 Dodging
 - Level 1.1 Stealth
 + Level 3.5 Spellcasting
 * Level 1.6 Hexes
 - Level 5.0 Charms
 + Level 1.7 Translocations


You had 2 spell levels left.
You knew the following spells:

 Your Spells              Type           Power        Failure   Level  Hunger
a - Infusion              Chrm           ###.         2%          1    None
b - Shroud of Golubria    Chrm/Tloc      ###.......   9%          2    ##.....
c - Song of Slaying       Chrm           ###.....     4%          2    ##.....
d - Spectral Weapon       Hex/Chrm       ###.....     17%         3    ###....

Your spell library contained the following spells:

 Spells                   Type           Power        Failure   Level  Hunger
 Regeneration             Chrm/Necr      ##........   24%         3    ###....


Dungeon Overview and Level Annotations

Branches:
Dungeon (4/15)
 Temple: D:4-7

Altars:


Message History

You closely miss the adder.
The adder is moderately wounded.
The adder barely misses you.
You barely miss the adder.
The adder is moderately wounded.
The adder barely misses you.
You hit the adder!
The adder is almost dead.
The adder barely misses you.
You closely miss the adder.
The adder is almost dead.
The adder bites you.
You miss the adder.
The adder is almost dead.
The adder bites you.
* * * LOW HITPOINT WARNING * * *
You closely miss the adder.
The adder is almost dead.
The adder bites you.
You die...

#.## ####......#.... ...#
#.#..S.........#.... ...#
#.#............#....
...###########.#.o...............
............................##...
..#................#####.........
..#..>............. ..#.#####...
..#....(.......####....#....##...
...#...##(.....S@......#....##...
...#...###.##.......####....##...
...'...# #.##.......# #....##...
...#...# #.##.......# #....##...
####...# #.##.......# #....+....
##.## #.##.......# #....##... #.#
#.##.......# #.#.#..... #<#
#.#############.#.#..... ### #..
.....#.#.....


You could see an adder.

Vanquished Creatures
  An orc priest (D:3)
  3 adders
  A dart slug (D:1)
  5 leopard geckos
  5 bats
  A giant cockroach (D:1)
  7 goblins
  10 hobgoblins
  4 jackals (D:3)
  4 kobolds
  8 frilled lizards
  4 rats
53 creatures vanquished.

Vanquished Creatures (others)
  4 toadstools (D:1)
4 creatures vanquished.

Grand Total: 57 creatures vanquished

Notes
Turn   | Place    | Note
-------+----------+-------------------------------------------
     0 | D:1      | Esekla the Deep Elf Skald began the quest for the Orb.
     0 | D:1      | Reached XP level 1. HP: 12/12 MP: 6/6
   235 | D:1      | Reached skill level 5 in Charms
   235 | D:1      | Reached XP level 2. HP: 16/16 MP: 5/8
   239 | D:1      | Learned a level 2 spell: Shroud of Golubria
   242 | D:1      | Learned a level 2 spell: Song of Slaying
  1336 | D:2      | Reached XP level 3. HP: 20/20 MP: 9/9
  1341 | D:2      | Learned a level 3 spell: Spectral Weapon
  1358 | D:2      | Reached skill level 1 in Translocations
  1776 | D:2      | Reached skill level 1 in Stealth
  2190 | D:3      | Reached skill level 1 in Hexes
  2258 | D:3      | Reached XP level 4. HP: 21/25 MP: 8/11
  2595 | D:3      | Reached skill level 1 in Armour
  2790 | D:3      | Slain by an adder

Skill      XL: |  1  2  3  4 |
---------------+-------------+-----
Charms         | 5 |  5.0
Translocations | 1 |  1.7
Stealth        | 1 |  1.1
Hexes          | 1 |  1.6
Armour         | 1 |  1.0
Short Blades   | 3 |  3.3
Fighting       | |  1.5
Dodging        | |  2.6
Spellcasting   | |  3.5

Action                   |  1- 3 |  4- 6 || total
-------------------------+-------+-------++-------
Melee: Short sword       |   104 |       ||   104
       Dagger            |    48 |    83 ||   131
 Cast: Infusion          |    11 |     4 ||    15
       Song of Slaying   |     2 |       ||     2
       Shroud of Golubri |     1 |       ||     1
  Use: Scroll            |     1 |       ||     1
 Stab: Sleeping          |     4 |       ||     4
  Eat: Ration            |     2 |       ||     2
Armor: Leather armour    |    36 |     6 ||    42
Dodge: Dodged            |    92 |    37 ||   129
